 Dungeon Crawl Stone Soup version 0.18-a0-1577-gf591c28 (webtiles) character file.

429 namelastname112 the Scratcher (level 6, -2/22 HPs)
             Began as a Felid Chaos Knight on Mar 19, 2016.
             Killed by divine providence
             ... invoked by an orc priest
              (12 damage)
             ... on level 5 of the Dungeon.
             The game lasted 00:07:50 (6390 turns).

namelastname112 the Scratcher (Felid Chaos Knight)  Turns: 6390, Time: 00:07:51

Health: -2/22      AC:  2    Str:  4    XL:     6   Next: 66%
Magic:  7/7        EV: 20    Int: 13    God:    Xom [....*.]
Gold:   74         SH:  0    Dex: 15    Spells: 0 memorised, 5 levels left
                                        Lives:  0   Deaths: 1

rFire  . . .     SeeInvis +       - Unarmed
rCold  . . .     Gourm    .     (armour unavailable)
rNeg   . . .     Faith    .     (shield unavailable)
rPois  .         Spirit   .     (helmet unavailable)
rElec  .         Dismiss  .     (cloak unavailable)
rCorr  .         Reflect  .     (gloves unavailable)
SustAt .         Harm     .     (boots unavailable)
MR     .....                    (no amulet)
Stlth  +++.......               (no ring)
                                b - -5 ring of intelligence (curse)

@: quick, not resistant to hostile enchantments, fairly stealthy
A: no armour, no weapons or thrown items, claws 1, fangs 3, see invisible,
carnivore 3, clever 1, speed 1, frail 2, low mp 1, screaming 1, shaggy fur 2,
slow metabolism 1, weak 2, wild magic 1, evolution 1, sharp paws
a: Renounce Religion


You were on level 5 of the Dungeon.
You worshipped Xom.
You were a beloved toy of Xom.
You were very full.

You visited 1 branch of the dungeon, and saw 5 of its levels.

You collected 174 gold pieces.
You spent 100 gold pieces at shops.

Inventory:

Jewellery
 b - a cursed -5 ring of intelligence (left paw)
 l - an uncursed ring of ice
Wands
 p - a wand of enslavement (5/24)
Scrolls
 c - a scroll of random uselessness {unknown}
 d - 2 scrolls of blinking {unknown}
 e - 5 scrolls of remove curse {unknown}
 j - 3 scrolls of immolation {unknown}
 k - 4 scrolls of identify {unknown}
 o - a scroll of teleportation {unknown}
 t - a scroll of enchant armour {unknown}
Potions
 f - a potion of resistance {unknown}
 g - 3 potions of cancellation {unknown}
 h - 2 potions of heal wounds
 i - 3 potions of degeneration
 m - a potion of might
 n - a potion of cure mutation {unknown}
 q - a potion of mutation {unknown}
 r - a potion of haste
 s - a potion of magic {unknown}
Comestibles
 a - 5 meat rations


   Skills:
 + Level 4.1 Fighting
 + Level 5.0 Dodging
 + Level 4.4 Stealth
 * Level 5.6 Unarmed Combat
 + Level 2.0 Evocations


You had 5 spell levels left.
You didn't know any spells.

Dungeon Overview and Level Annotations

Branches:
Dungeon (5/15)             Temple (0/1) D:5

Altars:
Ashenzari
Gozag
Pakellas
Sif Muna
Xom
Zin

Shops:
D:4 !


Innate Abilities, Weirdness & Mutations

You cannot wear armour.
You are incapable of wielding weapons or throwing items.
You have sharp claws.
You have razor-sharp teeth.
You have supernaturally acute eyesight.
You are carnivorous and can eat meat at any time.
You cover ground quickly.
You are covered in thick fur (AC +2).
You have a slow metabolism.
Your sharp claws are effective at attacking unaware monsters.
Your mind is acute. (Int +2)
You are very frail (-20% HP).
Your magical capacity is low (-10% MP).
You occasionally shout uncontrollably at your foes.
You are very weak. (Str -4)
Your spells are a little harder to cast, but a little more powerful.
You evolve.


Message History

The puff of flame misses you.
Your orc priest misses the orc wizard.
You scratch the orc wizard.
You kill the orc wizard!
Your orc priest barely misses the orc priest.
You scratch the orc priest. Your bite misses the orc priest.
The orc priest is moderately wounded.
The orc priest completely misses you.
You scratch the orc priest.
The orc priest is moderately wounded.
Your orc priest miscasts a cantrip.
The orc priest mumbles some strange prayers to Beogh against you.
Beogh smites you!
Ouch! That really hurt!
You scratch the orc priest but do no damage.
The orc priest is moderately wounded.
Your orc priest misses the orc priest.
The orc priest calls down the wrath of Beogh upon you.
Beogh smites you!
Ouch! That really hurt!
You die...

#.........# #.#..≈
#.........#########.....
#.........#...........#.
####...........############
#.......####..###
#.......#_'.....##
#.......###......#
#..........####(.####
#.......##@####.....#
##########o).######.# #
##..o....###.# #.
#.........#..# ##..
#......<.....####..#
#.......##<.......##
##.....###..........
##..................
#.......#.###.......


You could see an orc priest and a friendly orc priest.

Vanquished Creatures
  A sky beast (D:5)
  4 crimson imps
  A hound (D:5)
  An orc wizard (D:5)
  3 worker ants (D:4)
  A hound zombie (D:5)
  A worker ant zombie (D:3)
  A gnoll (D:2)
  A howler monkey skeleton (D:5)
  2 adders
  An ooze (D:1)
  A worm (D:2)
  3 dart slugs
  A giant gecko (D:1)
  7 orcs (D:5)
  A giant cockroach (D:2)
  5 goblins
  6 hobgoblins
  A quokka (D:3)
  A ball python (D:1)
  5 bats
  6 giant newts
  7 kobolds
  11 rats
72 creatures vanquished.

Vanquished Creatures (collateral kills)
  2 orc wizards (D:3)
2 creatures vanquished.

Grand Total: 74 creatures vanquished

Notes
Turn   | Place    | Note
--------------------------------------------------------------
     0 | D:1      | namelastname112 the Felid Chaos Knight began the quest for the Orb.
     0 | D:1      | Reached XP level 1. HP: 10/10 MP: 2/2
    35 | D:1      | Reached skill level 1 in Stealth
    39 | D:1      | XOM: butterfly on damage
   326 | D:1      | Reached XP level 2. HP: 14/14 MP: 3/3
  1079 | D:1      | XOM: divination: detect creatures
  1113 | D:1      | You fall through a shaft!
  1147 | D:2      | XOM: divination: detect items
  1151 | D:2      | Reached XP level 3. HP: 17/17 MP: 4/4
  1317 | D:2      | XOM: vitrification
  1453 | D:2      | XOM: harmless Necr miscast
  1567 | D:1      | XOM: polymorph rat -> hobgoblin
  2032 | D:2      | XOM: mild Chrm miscast
  2205 | D:2      | XOM: mild Pois miscast
  2216 | D:2      | XOM: give mutation
  2216 | D:2      | Gained mutation: You are weak. (Str -2) [Xom's mischief]
  2355 | D:2      | XOM: mild Necr miscast
  2425 | D:2      | XOM: mild Chrm miscast
  2558 | D:3      | XOM: mild Erth miscast
  2587 | D:3      | Reached XP level 4. HP: 11/20 MP: 5/5
  2595 | D:3      | XOM is BORED!
  2595 | D:3      | XOM: give mutation
  2595 | D:3      | Gained mutation: You occasionally shout uncontrollably at your foes. [Xom's mischief]
  2785 | D:3      | Found an opulent altar of Gozag.
  3094 | D:3      | XOM: medium Conj miscast
  3255 | D:3      | XOM: god gift: 13 stones
  3292 | D:3      | XOM: vitrification
  3336 | D:3      | XOM: vitrification
  3382 | D:3      | XOM: smoke on damage
  3532 | D:2      | XOM: polymorph orc -> gnoll
  3782 | D:2      | XOM: butterfly on damage
  4031 | D:3      | XOM: summons friendly shadow imp
  4050 | D:3      | Reached XP level 5. HP: 8/24 MP: 6/6
  4063 | D:3      | XOM: colour smoke trail
  4293 | D:3      | You fall through a shaft for 2 floors!
  4293 | D:5      | Entered Level 5 of the Dungeon
  4368 | D:4      | XOM: divination: magic mapping
  4370 | D:4      | XOM: 1-stop teleportation journey
  4557 | D:4      | HP: 1/24 [worker ant (8)]
  5103 | D:4      | XOM: vitrification
  5189 | D:4      | XOM: fake destruction
  5192 | D:4      | XOM: give mutations
  5192 | D:4      | Gained mutation: You are frail (-10% HP). [Xom's mischief]
  5192 | D:4      | Gained mutation: Your spells are a little harder to cast, but a little more powerful. [Xom's mischief]
  5192 | D:4      | Gained mutation: You are very frail (-20% HP). [Xom's mischief]
  5192 | D:4      | Gained mutation: You are very weak. (Str -4) [Xom's mischief]
  5201 | D:4      | HP: 1/20 [poisoned by a worker ant]
  5202 | D:4      | Succumbed to a worker ant's poison
  5203 | D:4      | Reached XP level 4. HP: 0/17 MP: 5/5
  5365 | D:4      | Found Wavakuhu's Distillery.
  5387 | D:4      | Bought a potion of heal wounds for 50 gold pieces
  5387 | D:4      | Bought a potion of heal wounds for 50 gold pieces
  5442 | D:4      | Found a shimmering altar of Xom.
  5461 | D:4      | XOM: god gift: meat ration
  5485 | D:4      | Reached skill level 1 in Evocations
  5485 | D:4      | Reached XP level 5. HP: 20/20 MP: 6/6
  5633 | D:4      | XOM: confuse monster(s)
  5673 | D:5      | Found a staircase to the Ecumenical Temple.
  5699 | D:5      | Noticed a sky beast
  5708 | D:5      | Killed a sky beast
  5708 | D:5      | Reached skill level 5 in Unarmed Combat
  5708 | D:5      | Gained mutation: You are covered in thick fur (AC +2). [Felid growth]
  5708 | D:5      | Reached XP level 6. HP: 22/22 MP: 6/8
  5712 | D:5      | Gained mutation: You evolve. [mutagenic meat]
  5713 | D:5      | Gained mutation: Your magical capacity is low (-10% MP). [mutagenic meat]
  5715 | D:5      | Gained mutation: Your mind is acute. (Int +2) [mutagenic meat]
  5749 | D:5      | Found a deep blue altar of Sif Muna.
  5840 | D:5      | XOM: vitrification
  5855 | D:5      | Noticed an ice beast
  5880 | D:5      | XOM: silly message
  6005 | D:5      | XOM: mild Ice miscast
  6243 | D:5      | Found a shattered altar of Ashenzari.
  6310 | D:5      | Found an oddly glowing altar of Pakellas.
  6340 | D:5      | Found a glowing silver altar of Zin.
  6372 | D:5      | Reached skill level 5 in Dodging
  6390 | D:5      | Killed from afar by an orc priest

Vault maps used:
D:1:      dpeg_arrival_pits, roderic_curled_sauvastika, minmay_misc_feat_plants
D:2:      first_bread, kennysheep_generic_room_16
D:3:      nicolae_gozag_cash_rules_everything_around_me,
          kennysheep_pointless_box
D:4:      led_xom_imps, serial_shops, shop
D:5:      nicolae_overflow_hidden_temple, kennysheep_mini,
          grunt_pakellas_sulfur, minmay_temple_entry_statues_pillars,
          minivault_26, evilmike_ruin_ashenzari

Skill      XL: |  1  2  3  4  5  6 |
---------------+-------------------+-----
Stealth        | 1 2 3 4 |  4.4
Unarmed Combat | 4 5 |  5.6
Dodging        | 4 5 |  5.0
Evocations     | 1 2 |  2.0
Fighting       | 4 |  4.1

Action                   |  1- 3 |  4- 6 || total
-------------------------+-------+-------++-------
Melee: Unarmed           |   103 |   184 ||   287
Evoke: Wand              |       |     2 ||     2
  Use: Potion            |     1 |     7 ||     8
 Stab: Sleeping          |    11 |     3 ||    14
       Confused          |       |     1 ||     1
  Eat: Chunk             |     5 |    18 ||    23
